 Dungeon Crawl Stone Soup version 0.30-a0-696-g2367cd04db (webtiles) character file.

Game seed: 2007740553110239463

447 rogsnak the Firebug (level 6, 0/42 HPs)
             Began as a Demonspawn Fire Elementalist on Jan 21, 2023.
             Slain by Pikel
             ... wielding a +0 whip of freezing
              (2 damage)
             ... on level 4 of the Dungeon.
             The game lasted 00:09:06 (4016 turns).

rogsnak the Firebug (Demonspawn Fire Elementalist)  Turns: 4016, Time: 00:09:06

Health: 0/42       AC:  4    Str:  9    XL:     6   Next: 73%
Magic:  1/11       EV: 12    Int: 18    God:
Gold:   167        SH:  0    Dex: 19    Spells: 11/12 levels left

rFire   . . .      SeeInvis .    n - +2 hand axe (heavy)
rCold   . . .      Faith    .    (no shield)
rNeg    . . .      Spirit   .    p - +0 leather armour
rPois   .          Reflect  .    v - +0 helmet
rElec   .          Harm     .    (no cloak)
rCorr   .          Rampage  .    (no gloves)
Will    .....                    (no boots)
Stlth   ++                       r - amulet of the acrobat
HPRegen 0.27/turn                g - +6 ring of dexterity
MPRegen 0.12/turn                (no ring)

@: no status effects
A: demonic guardian 1, sturdy frame 1
a: no special abilities


You were on level 4 of the Dungeon.
You visited 1 branch of the dungeon, and saw 4 of its levels.

You collected 167 gold pieces.

Inventory:

Hand Weapons
 h - a +0 spear
 n - a +2 heavy hand axe (weapon)
 o - a +0 rapier
Missiles
 i - 8 boomerangs
 t - 7 poisoned darts (quivered)
Armour
 p - a +0 leather armour (worn)
 v - a +0 helmet (worn)
Jewellery
 g - a +6 ring of dexterity (left hand)
 r - an amulet of the acrobat (around neck)
Scrolls
 a - a scroll of fog {unknown}
 c - 2 scrolls of fear {unknown}
 e - a scroll of immolation {unknown}
 f - 3 scrolls of identify {unknown}
 m - a scroll of magic mapping {unknown}
 q - 4 scrolls of amnesia {unknown}
 s - a scroll of teleportation {unknown}
 x - a scroll of noise {unknown}
Potions
 b - a potion of magic
 d - 2 potions of degeneration {unknown}
 j - a potion of haste {unknown}
 k - a potion of brilliance {unknown}
 l - 3 potions of cancellation {unknown}
 u - a potion of curing {unknown}
 w - 2 potions of mutation {unknown}


   Skills:
 + Level 0.5 Fighting
 + Level 2.1 Dodging
 - Level 2.0 Stealth
 + Level 3.7 Spellcasting
 * Level 4.3 Conjurations
 + Level 4.3 Fire Magic


You had 11 spell levels left.
You knew the following spells:

 Your Spells              Type           Power      Damage    Failure   Level
a - Foxfire               Conj/Fire      76%        2x1d7     2%          1

Your spell library contained the following spells:

 Spells                   Type           Power      Damage    Failure   Level
 Scorch                   Fire           36%        2d6       4%          2
 Inner Flame              Hex/Fire       11%        N/A       21%         3
 Kindle Blastsparks       Fire/Tloc/Air  16%        2d11      26%         3
 Flame Wave               Conj/Fire      19%        2d7       26%         4


Dungeon Overview and Level Annotations

Branches:
Dungeon (4/15)
 Temple: D:4-7

Altars:
Fedhas
Makhleb
Qazlal
Vehumet

Shops:
D:3 [

Annotations:
D:4 Pikel


Innate Abilities, Weirdness & Mutations

A weak demonic guardian rushes to your aid.
Your movements are slightly less encumbered by armour. (ER -2)


Message History

Aim: Pikel, wielding a +0 whip of freezing and wearing a +0 robe (heavily wounded, very poisoned, 53% to hit)
You throw a poisoned dart. The poisoned dart hits Pikel.
Pikel is heavily wounded.
Throw: 8 darts (poison)
Press: ? - help, Q - select action, (/) - cycle Shift-Dir - straight line, f/p - Pikel
Aim: Pikel, wielding a +0 whip of freezing and wearing a +0 robe (heavily wounded, very poisoned, 53% to hit)
You throw a poisoned dart. The poisoned dart hits Pikel.
Pikel is heavily wounded.
Unknown command.
Unknown command.
You barely miss Pikel.
Pikel is heavily wounded.
Pikel hits you with a +0 whip of freezing.
* * * LOW HITPOINT WARNING * * *
A demonic guardian appears!
Pikel freezes you.
* * * LOW HITPOINT WARNING * * *
Pikel hits you with a +0 whip of freezing.
* * * LOW HITPOINT WARNING * * *
Pikel freezes you.
* * * LOW HITPOINT WARNING * * *
Unknown command.
Unknown command.
Casting: Foxfire (safe; 2% risk of failure)
Confirm with . or Enter, or press ? or * to list all spells.
You conjure some foxfire!
The foxfire hits the lemure.
The lemure is lightly wounded.
Pikel hits you with a +0 whip of freezing.
* * * LOW HITPOINT WARNING * * *
Pikel freezes you.
* * * LOW HITPOINT WARNING * * *
Your white imp gestures at Pikel.
The puff of frost hits Pikel!
Unknown command.
You barely miss Pikel.
Pikel is almost dead.
You hit the lemure but do no damage.
The foxfire hits Pikel but does no damage.
Pikel is almost dead.
Pikel hits you with a +0 whip of freezing.
You die...

....................##..#+#
#.#.5##.............#.o.+.+
###.......####...###..# ##.##
......## #...# #...###.#.#
#.#.# #...#####.....#..
#..5####+####...#####...###.
###.'...((.5+........)).....
#.#.≈..55K#..........####.
#.#?≈._.≈@#..........# .#
..####.#.≈..5≈5#..........# >#
........'.......+...........##
...##.######'####...........#
#.# #...<................# #.#
#....##.##...........# ##
#.... #.##...........# ##.#.
#....##.######.# #.##.
#.##.##.#


You could see Pikel (poisoned, ally target), 4 lemures and a friendly white imp
(summoned).

Vanquished Creatures
  2 scorpions
  2 jellies (D:3)
  Natasha (thrice) (D:3)
  Terence (D:3)
  An orc wizard (D:4)
  Robin (D:3)
  5 adders
  An ufetubus (D:4)
  2 worms
  A dart slug (D:2)
  3 orcs (D:4)
  13 endoplasms
  8 goblins
  12 hobgoblins
  15 kobolds
  2 quokkas
  7 ball pythons
  6 bats
  4 frilled lizards
  4 rats
93 creatures vanquished.

Vanquished Creatures (collateral kills)
  A foxfire (D:2)
1 creature vanquished.

Vanquished Creatures (others)
  297 foxfires
  7 fungi (D:3)
  3 plants (D:3)
  12 toadstools (D:3)
319 creatures vanquished.

Grand Total: 413 creatures vanquished

Notes
Turn   | Place    | Note
-------+----------+-------------------------------------------
     0 | D:1      | rogsnak the Demonspawn Fire Elementalist began the quest
                  | for the Orb.
     0 | D:1      | Reached XP level 1. HP: 13/13 MP: 3/3
   342 | D:1      | Gained mutation: Your movements are slightly less
                  | encumbered by armour. (ER -2) [demonic ancestry]
   342 | D:1      | Reached XP level 2. HP: 19/19 MP: 0/5
  1113 | D:2      | Reached XP level 3. HP: 24/24 MP: 1/6
  1785 | D:2      | Reached XP level 4. HP: 30/30 MP: 4/7
  2044 | D:3      | Found a faded altar of an unknown god.
  2165 | D:3      | Found Soxkumos's Antique Armour Shoppe.
  2177 | D:3      | Found a stormy altar of Qazlal.
  2252 | D:3      | Noticed Robin
  2262 | D:3      | Found a blossoming altar of Fedhas.
  2689 | D:3      | Reached XP level 5. HP: 36/36 MP: 6/9
  2844 | D:3      | Killed Robin
  3055 | D:3      | Noticed Natasha
  3065 | D:3      | Killed Natasha
  3143 | D:3      | Noticed Terence
  3151 | D:3      | Killed Terence
  3278 | D:3      | Gained mutation: A weak demonic guardian rushes to your
                  | aid. [demonic ancestry]
  3278 | D:3      | Reached XP level 6. HP: 41/42 MP: 3/11
  3515 | D:3      | Found a burning altar of Makhleb.
  3615 | D:3      | Noticed Natasha
  3619 | D:3      | Killed Natasha
  3825 | D:3      | Noticed Natasha
  3831 | D:3      | Killed Natasha
  3966 | D:4      | Found a radiant altar of Vehumet.
  3981 | D:4      | Noticed Pikel
  4015 | D:4      | HP: 2/42 [Pikel/+0 whip of freezing (1)]
  4016 | D:4      | Slain by Pikel

Illustrated notes

Levels and vault maps discovered:
D:1:      nagdon_arrival_double_spiral, layout_basic
D:2:      layout_basic, glass_columns_b, serial_bayou_pond_c
D:3:      cheibrodos_fertilizer, layout_basic,
          grunt_temple_overflow_forces_of_nature, lemuel_round_altar,
          hellmonk_ecumenical_altar_run_dry, serial_shops, nicolae_square_shop,
          uniq_terence, uniq_robin, uniq_natasha
D:4:      layout_loops_cross, nemelex_dance_club_becter,
          mainiacjoe_overflow_six_doors_small, nicolae_ossuary_entry_ruins,
          minivault_26, amcnicky_mini_pool_small, uniq_crazy_yiuf_cottage,
          uniq_pikel

Skill      XL: |  1  2  3  4  5  6 |
---------------+-------------------+-----
Fire Magic     | 3 4 |  4.3
Stealth        | 2 |  2.0
Conjurations   | 2 3 4 |  4.3
Dodging        | 2 |  2.1
Spellcasting   | 3 |  3.7
Fighting       | |  0.5

Action                   |  1- 3 |  4- 6 || total
-------------------------+-------+-------++-------
Melee: Spear             |     8 |       ||     8
       Rapier            |    15 |    28 ||    43
       Hand axe          |       |     4 ||     4
Throw: Dart              |       |     4 ||     4
 Cast: Foxfire           |    62 |   128 ||   190
Armor: Robe              |     8 |    12 ||    20
       Leather armour    |       |     8 ||     8
Dodge: Dodged            |    11 |    32 ||    43

Table legend: (Time is in decaauts)
 A = Elapsed time spent in this place.
 B = Non-inter-level travel time spent in this place.
 C = Inter-level travel time spent in this place.
 D = Time resting spent in this place.
 E = Time spent auto-exploring this place.
 F = Levels seen in this place.
 G = Mean time per level.
                   A        B        C        D        E       F      G
               +--------+--------+--------+--------+--------+-----+--------+
         Total |   4115 |   3982 |    133 |    260 |   2731 |   4 | 1028.8 |
       Dungeon |   4115 |   3982 |    133 |    260 |   2731 |   4 | 1028.8 |
               +--------+--------+--------+--------+--------+-----+--------+

Top non-repeatable levels by time:
     D:3: 1854 daAuts
     D:1: 1182 daAuts
     D:2: 915 daAuts
     D:4: 163 daAuts
